 Dungeon Crawl Stone Soup version 0.30-a0-802-gb92711bcdf (webtiles) character file.

Game seed: 1841442694714426114

22624 Darkkill the Nimble (level 12, -11/115 HPs)
             Began as a Minotaur Hunter on Feb 24, 2023.
             Was an Initiate of Gozag.
             Killed from afar by a swamp worm (12 damage)
             ... with a harpoon shot
             ... on level 2 of the Lair of Beasts.
             The game lasted 00:23:44 (11104 turns).

Darkkill the Nimble (Minotaur Hunter)              Turns: 11104, Time: 00:23:44

Health: -11/115    AC: 13    Str: 16    XL:     12   Next: 64%
Magic:  0/11       EV: 26    Int:  6    God:    Gozag
Gold:   1303       SH:  0    Dex: 19    Spells: 11/11 levels left

rFire   . . .      SeeInvis .    a - +4 shortbow
rCold   . . .      Faith    .    (shield currently unavailable)
rNeg    . . .      Spirit   +    c - +2 leather armour
rPois   .          Reflect  .    (helmet restricted)
rElec   .          Harm     .    i - +2 cloak
rCorr   .          Rampage  .    J - +2 pair of gloves
Will    .....                    D - +1 pair of boots
Stlth   ++++                     z - amulet of guardian spirit
HPRegen 0.39/turn                o - +5 ring of evasion
MPRegen 0.12/turn                (no ring)

@: lethally poisoned (-11 -> -22), gold aura, slowed, studying Dodging, very
slow
A: horns 2, retaliatory headbutt
a: Renounce Religion, Potion Petition, Call Merchant, Bribe Branch


You were on level 2 of the Lair of Beasts.
You worshipped Gozag.
Gozag was most pleased with you.
You visited 3 branches of the dungeon, and saw 11 of its levels.

You collected 2885 gold pieces.
You spent 442 gold pieces at shops.
You paid 1140 gold pieces to Gozag.

Inventory:

Hand Weapons
 a - a +4 shortbow (weapon)
 b - a +4 scythe
Missiles
 j - 60 stones
 m - 19 poisoned darts
 x - 6 boomerangs of dispersal {=f !f}
 A - a curare-tipped dart {=f !f}
 F - 3 boomerangs
Armour
 c - a +2 leather armour (worn)
 i - a +2 cloak (worn)
 D - a +1 pair of boots (worn)
 J - a +2 pair of gloves (worn)
Jewellery
 o - a +5 ring of evasion (left hand)
 v - a ring of protection from fire
 z - an amulet of guardian spirit (around neck)
 H - a ring of positive energy
Wands
 n - a wand of charming (10)
 u - a wand of flame (5)
 y - a wand of acid (4)
 B - a wand of polymorph (20)
Scrolls
 l - a scroll of amnesia
 r - 4 scrolls of immolation
 s - a scroll of fear
 w - a scroll of silence
 L - a scroll of enchant weapon
Potions
 d - 2 potions of mutation
 f - 4 potions of might
 g - 3 potions of magic
 h - 4 potions of cancellation
 k - a potion of haste
 p - 2 potions of berserk rage
 q - 3 potions of flight
 t - 2 potions of lignification
 E - 2 potions of ambrosia
 G - 3 potions of brilliance
 I - a potion of attraction


   Skills:
 + Level 13.0 Fighting
 + Level 12.5 Ranged Weapons
 + Level 14.1 Dodging
 + Level 10.0 Stealth


You had 11 spell levels left.
You didn't know any spells.
Your spell library contained the following spells:

 Spells                   Type           Power      Damage    Failure   Level
 Kiss of Death            Conj/Necr      0%         2d5       52%         1
 Necrotise                Necr           0%         1d4       52%         1
 Sandblast                Erth           0%         2d4       52%         1
 Sting                    Tmut/Pois      0%         1d3       52%         1
 Poisonous Vapours        Pois/Air       0%         N/A       67%         2
 Confusing Touch          Hex            0%         N/A       88%         3
 Portal Projectile        Hex/Tloc       0%         N/A       88%         3
 Tukima's Dance           Hex            0%         N/A       88%         3
 Vampiric Draining        Necr           0%         2d6       88%         3
 Dispel Undead            Necr           0%         3d6       99%         4
 Leda's Liquefaction      Hex/Erth       0%         N/A       99%         4
 Olgreb's Toxic Radiance  Pois           0%         N/A       99%         4
 Petrify                  Tmut/Erth      0%         N/A       99%         4
 Agony                    Necr           0%         N/A       100%        5
 Blade Hands              Tmut           0%         N/A       100%        5
 Dragon's Call            Summ           0%         N/A       100%        9


Dungeon Overview and Level Annotations

Branches:
Dungeon (8/15)             Temple (1/1) D:5            Lair (2/5) D:8
 Shoals (0/4) Lair:2        Snake (0/4) Lair:2

Altars:
Ashenzari
Cheibriados
Dithmenos
Elyvilon
Fedhas
Gozag
Hepliaklqana
Kikubaaqudgha
Makhleb
Nemelex Xobeh
Okawaru
Qazlal
Ru
Sif Muna
Trog
Uskayaw
Vehumet
Wu Jian
Xom
Yredelemnul
Zin
The Shining One

Shops:
D:6 *   D:8 (

Annotations:
D:7 3 runed translucent doors, freelancePsychic's ghost, novice OpCA
Lair:2 1 transporter


Innate Abilities, Weirdness & Mutations

You have a pair of horns on your head.
You reflexively headbutt those who attack you in melee.


Message History

You become entangled in the net!
The swamp worm fires a harpoon shot at you.
The harpoon shot hits you!
You are yanked forward by the harpoon shot.
You collide with the briar patch!
The briar patch is heavily damaged.
The swamp worm fires a harpoon shot at you.
The harpoon shot hits you!
You are yanked forward by the harpoon shot.
You violently stop moving!
The swamp worm fires a harpoon shot at you.
The harpoon shot hits you!
You are yanked forward by the harpoon shot.
You violently stop moving!
You're standing in a cloud of foul pestilence!
Fire: a) +4 shortbow
Press: ? - help, Q - select action, (/) - cycle Shift-Dir - straight line, f - swamp worm, p - swamp worm
Aim: a swamp worm (70% to hit)
You shoot an arrow. The arrow hits the swamp worm!
The swamp worm is moderately wounded.
You are engulfed in dark miasma.
You are poisoned.
You feel very sick.
The swamp worm fires a harpoon shot at you.
The harpoon shot hits you.
You are yanked forward by the harpoon shot.
You collide with the briar patch!
The briar patch is destroyed!
You avoid being caught in a net.
The swamp worm fires a harpoon shot at you.
The harpoon shot misses you.
The swamp worm fires a harpoon shot at you.
The harpoon shot misses you.
Fire: a) +4 shortbow
Press: ? - help, Q - select action, (/) - cycle Shift-Dir - straight line, f/p - swamp worm
Aim: a swamp worm (moderately wounded, 70% to hit)
You shoot an arrow.
The arrow closely misses the swamp worm.
You feel very sick.
The swamp worm fires a harpoon shot at you.
The harpoon shot hits you but does no damage.
The swamp worm fires a harpoon shot at you.
The harpoon shot misses you.
Fire: a) +4 shortbow
Press: ? - help, Q - select action, (/) - cycle Shift-Dir - straight line, f/p - swamp worm
Aim: a swamp worm (moderately wounded, 70% to hit)
You shoot an arrow. The arrow hits the swamp worm!
The swamp worm is almost dead.
You feel sick.
The swamp worm fires a harpoon shot at you.
The harpoon shot misses you.
Fire: a) +4 shortbow
Press: ? - help, Q - select action, (/) - cycle Shift-Dir - straight line, f/p - swamp worm
Aim: a swamp worm (black smoke, almost dead, 70% to hit)
You shoot an arrow. The arrow hits the swamp worm.
You kill the swamp worm!
You feel sick.
The swamp worm fires a harpoon shot at you.
The harpoon shot misses you.
The swamp worm fires a harpoon shot at you.
The harpoon shot misses you.
Fire: a) +4 shortbow
Press: ? - help, Q - select action, (/) - cycle Shift-Dir - straight line, f - swamp worm
Aim: a swamp worm (70% to hit)
You shoot an arrow.
The arrow hits the swamp worm but does no damage.
You feel sick.
The swamp worm fires a harpoon shot at you.
The harpoon shot hits you!!
* * * LOW HITPOINT WARNING * * *
You are yanked forward by the harpoon shot.
You violently stop moving!
* * * LOW HITPOINT WARNING * * *
You feel much better.
You feel sick.
Blink to where?
Press: ? - help, Q - select action, (/) - cycle Dir - move target, p - swamp worm Really blink into that cloud of foul pestilence?
As you read the scroll of blinking, it crumbles to dust.
You are engulfed in dark miasma.
You are more poisoned.
* * * LOW HITPOINT WARNING * * *
x2 You feel very sick.
The swamp worm fires a harpoon shot at you.
The harpoon shot misses you.
The swamp worm is distracted by your dazzling golden aura.
You open the door.
You are engulfed in dark miasma.
You are lethally poisoned!
You feel yourself slow down.
* * * LOW HITPOINT WARNING * * *
x2 You feel extremely sick.
The swamp worm is no longer distracted by gold.
The swamp worm fires a harpoon shot at you.
The harpoon shot misses you.
You feel better.
You are engulfed in dark miasma.
You are lethally poisoned!
* * * LOW HITPOINT WARNING * * *
You feel very sick.
The swamp worm fires a harpoon shot at you.
The harpoon shot hits you!
You die...
Your body crumbles into a pile of gold.

......#..##.......##.# ##......
.........############# #.......
..........###.#..##.# #.......
....................######.......
.........#########....#.###......
.........##w#♣#w##......##.#.....
........##≈≈§§#§≈####....#####P..
........#PPP.P○PP#$[#....## ###.
.###...©#©^^^^§§@§)©#©....## #.
#.##....#PPPP☼PPP#$"#......#####.
###.....##≈≈≈#≈≈≈####......#..##.
# #......#♣#$#♣#w#...........##..
###......#########...........##..
##.....#.....................###.
.....##.......##.....~~..~....##.
...#.##.#...#####..~~~~~~....#...
#.######.....## #...~#.#~.....##.


You could see 2 swamp worms.

Vanquished Creatures
  2 hydras (Lair:2)
  A boulder beetle (Lair:2)
  2 harpies (Lair:2)
  Pikel (D:6)
  5 elephants (Lair:1)
  5 black mambas
  4 cane toads
  4 rime drakes
  4 komodo dragons
  A polar bear (D:8)
  A troll (D:8)
  7 blink frogs (Lair:2)
  Sigmund (D:6)
  15 yaks
  3 wyverns
  A basilisk (Lair:1)
  A steam dragon (D:7)
  Menkaure (D:3)
  A swamp worm (Lair:2)
  11 water moccasins
  4 ice beasts
  A sky beast (D:7)
  An orc warrior (D:7)
  3 black bears
  3 ogres
  41 wolves
  4 lemures (D:6)
  3 kobold brigands
  7 bullfrogs
  4 scorpions
  2 necrophages
  5 wights
  11 howler monkeys
  An electric eel (D:8)
  2 jellies (D:6)
  6 hounds
  4 orc priests
  A gnoll bouda (D:7)
  2 orc wizards (D:7)
  6 iguanas
  3 gnolls (D:7)
  7 adders
  2 dart slugs
  11 orcs
  6 ball pythons
  4 endoplasms
  2 giant cockroaches
  13 goblins
  4 hobgoblins
  3 jackals (D:3)
  2 quokkas
  A bat (D:2)
  3 frilled lizards
  22 kobolds
  4 rats
269 creatures vanquished.

Vanquished Creatures (others)
  A wolf (D:8)
  A briar patch (Lair:2)
  26 fungi
  20 plants
48 creatures vanquished.

Grand Total: 317 creatures vanquished

Notes
Turn   | Place    | Note
-------+----------+-------------------------------------------
     0 | D:1      | Darkkill the Minotaur Hunter began the quest for the Orb.
     0 | D:1      | Reached XP level 1. HP: 18/18 MP: 0/0
   123 | D:1      | Reached skill level 1 in Stealth
   235 | D:1      | Reached XP level 2. HP: 25/25 MP: 1/1
   713 | D:2      | Reached XP level 3. HP: 27/31 MP: 2/2
   948 | D:2      | Got Viter's Anthology of Talus and Company
  1313 | D:3      | Reached skill level 3 in Dodging
  1540 | D:3      | Reached skill level 5 in Ranged Weapons
  1540 | D:3      | Reached XP level 4. HP: 38/38 MP: 3/3
  1541 | D:3      | Noticed a necrophage
  1552 | D:3      | Killed a necrophage
  1553 | D:3      | Reached XP level 5. HP: 24/46 MP: 4/4
  1841 | D:3      | Found a shimmering blue altar of Sif Muna.
  2082 | D:4      | Noticed Menkaure
  2090 | D:3      | Killed Menkaure
  2091 | D:3      | Reached skill level 4 in Dodging
  2091 | D:3      | Reached XP level 6. HP: 27/53 MP: 5/5
  2092 | D:3      | HP: 10/53 [quokka (1)]
  2420 | D:4      | Found a basalt altar of Yredelemnul.
  2730 | D:5      | Entered Level 5 of the Dungeon
  2947 | D:5      | Reached skill level 5 in Fighting
  2947 | D:5      | Reached XP level 7. HP: 32/61 MP: 6/6
  3085 | D:5      | Found a staircase to the Ecumenical Temple.
  3130 | D:5      | Reached skill level 5 in Dodging
  3139 | Temple   | Entered the Ecumenical Temple
  3204 | Temple   | Became a worshipper of Gozag Ym Sagoz the Greedy
  3753 | D:6      | Found a hide-covered altar of Uskayaw.
  3753 | D:6      | Noticed a +0 hand axe
  3753 | D:6      | Noticed a +0 hand axe
  3845 | D:6      | Reached XP level 8. HP: 59/70 MP: 7/7
  3943 | D:6      | Identified a scroll of acquirement
  3943 | D:6      | Acquired 702 gold pieces
  4255 | D:6      | Reached skill level 6 in Dodging
  4393 | D:6      | Noticed Sigmund
  4397 | D:6      | Killed Sigmund
  4398 | D:6      | Reached skill level 5 in Stealth
  4449 | D:6      | Noticed Pikel
  4796 | D:6      | Killed Pikel
  4797 | D:6      | Reached XP level 9. HP: 69/79 MP: 6/8
  4895 | D:7      | Reached skill level 7 in Dodging
  5068 | D:7      | Found a glowing silver altar of Zin.
  5724 | D:7      | Found a runed translucent gate.
  5725 | D:7      | Found a runed translucent gate.
  5726 | D:7      | Noticed freelancePsychic's ghost (novice OpCA)
  5727 | D:7      | Found a runed translucent gate.
  5730 | D:7      | Identified the +1 plate armour of the Comet {Will+ Regen+
                  | rCorr SInv}
  6061 | D:8      | Noticed a polar bear
  6064 | D:8      | Reached skill level 8 in Dodging
  6074 | D:8      | Noticed a rime drake
  6078 | D:8      | Killed a polar bear
  6095 | D:8      | Reached XP level 10. HP: 21/91 MP: 2/9
  6238 | D:8      | Found a staircase to the Lair.
  6316 | D:8      | Found a sacrificial altar of Ru.
  6451 | D:8      | Bought a shimmering mace for 208 gold pieces
  6451 | D:8      | Identified the +10 mace of Gluttony {freeze, rPois} (You
                  | bought it in a shop on level 8 of the Dungeon)
  6451 | D:8      | Bought a bloodstained morningstar for 234 gold pieces
  6451 | D:8      | Identified the +4 morningstar "Kuad" {freeze, rF+ Int+4}
                  | (You bought it in a shop on level 8 of the Dungeon)
  6910 | D:8      | Reached skill level 9 in Dodging
  6934 | D:8      | Reached skill level 10 in Fighting
  7158 | D:8      | Found a shimmering altar of Xom.
  7161 | D:8      | Found a glowing golden altar of the Shining One.
  7557 | Lair:1   | Entered Level 1 of the Lair of Beasts
  7596 | Lair:1   | Reached skill level 10 in Ranged Weapons
  7820 | Lair:1   | Noticed a cane toad
  7829 | Lair:1   | Killed a cane toad
  7842 | Lair:1   | Reached skill level 10 in Dodging
  8035 | Lair:1   | Reached XP level 11. HP: 78/101 MP: 7/10
  8307 | Lair:1   | HP: 17/102 [elephant (5)]
  8309 | Lair:1   | Reached skill level 11 in Dodging
  9058 | Lair:2   | Noticed a seven-headed hydra
  9076 | Lair:2   | Killed a seven-headed hydra
  9173 | Lair:2   | Found a transporter.
  9193 | Lair:2   | Noticed a boulder beetle
  9217 | Lair:2   | Found a transporter.
  9226 | Lair:2   | Found a staircase to the Shoals.
  9226 | Lair:2   | Noticed a harpy
  9226 | Lair:2   | Noticed a harpy
  9231 | Lair:2   | Killed a harpy
  9232 | Lair:2   | Reached skill level 12 in Dodging
  9234 | Lair:2   | Killed a harpy
  9257 | Lair:2   | Noticed a four-headed hydra
  9271 | Lair:2   | Killed a four-headed hydra
  9688 | Lair:2   | Reached XP level 12. HP: 93/112 MP: 9/11
  9741 | Lair:2   | Killed a boulder beetle
  9940 | Lair:2   | Reached skill level 13 in Dodging
 10286 | Lair:2   | Found a staircase to the Snake Pit.
 10660 | Lair:2   | Reached skill level 14 in Dodging
 10686 | Lair:2   | Reached skill level 10 in Stealth
 11100 | Lair:2   | HP: 14/115 [swamp worm/harpoon shot (20)]
 11103 | Lair:2   | HP: 1/115 [poison (dark miasma)]
 11104 | Lair:2   | Killed from afar by a swamp worm

Illustrated notes

Levels and vault maps discovered:
D:1:      minmay_arrival_four_houses, layout_basic
D:2:      layout_loops_ring, serial_rivers, chequers_serial_rivers_large_b,
          chequers_serial_rivers_room_b, chequers_serial_rivers_small_b,
          chequers_serial_rivers_micro_a
D:3:      wander_river, layout_basic, mainiacjoe_overflow_surrounded_room
D:4:      layout_rooms, mainiacjoe_overflow_24_doors, uniq_menkaure
D:5:      layout_loops_ring, temple_doors_e
D:6:      layout_cave_pods, dancing_weapons_uskayaw, uniq_pikel, uniq_sigmund
D:7:      layout_loops_ring, mainiacjoe_overflow_six_doors_small,
          biasface_ghost_orc_armoury, enter_bailey_3, minivault_1
D:8:      layout_gridville, nicolae_overflow_squiral, hangedman_ru_absence,
          hellmonk_lair_entry_icy, hex_large, minmay_manual_moon
Temple:   regret_index_temple_waves
Lair:1:   layout_regular_city
Lair:2:   gammafunk_worm_tunnel, layout_cave_pods, nicolae_shoals_entry_roost,
          minmay_snake_entry_six_corridors, gauntlet_entry_generic, st_stairs_5,
          grunt_forest_large_clearings

Skill      XL: |  1  2  3  4  5  6  7  8  9 10 11 12 |
---------------+-------------------------------------+-----
Stealth        | 1 2 3 4 5 6 7 9 10 | 10.0
Fighting       | 3 4 5 6 7 9 10 12 13 | 13.0
Dodging        | 3 4 5 6 8 10 12 14 | 14.1
Ranged Weapons | 5 6 7 9 10 11 12 | 12.5

Action                     |  1- 3 |  4- 6 |  7- 9 | 10-12 || total
---------------------------+-------+-------+-------+-------++-------
   Fire: Shortbow          |    92 |    68 |   317 |   683 ||  1160
 Invoke: Call Merchant     |       |       |     1 |     1 ||     2
  Evoke: Wand              |       |       |       |     3 ||     3
    Use: Scroll            |     8 |     7 |    14 |    10 ||    39
         Potion            |       |     1 |     1 |     7 ||     9
 Armour: Leather armour    |     6 |     5 |    42 |   107 ||   160
  Dodge: Dodged            |    12 |    28 |   202 |   651 ||   893

Table legend: (Time is in decaauts)
 A = Elapsed time spent in this place.
 B = Non-inter-level travel time spent in this place.
 C = Inter-level travel time spent in this place.
 D = Time resting spent in this place.
 E = Time spent auto-exploring this place.
 F = Levels seen in this place.
 G = Mean time per level.
                   A        B        C        D        E       F      G
               +--------+--------+--------+--------+--------+-----+--------+
         Total |  11277 |  10676 |    601 |    403 |   7981 |  11 | 1025.2 |
       Dungeon |   7595 |   7163 |    432 |    245 |   5760 |   8 |  949.4 |
        Temple |    154 |    116 |     38 |      0 |     46 |   1 |  154.0 |
          Lair |   3527 |   3396 |    131 |    158 |   2174 |   2 | 1763.5 |
               +--------+--------+--------+--------+--------+-----+--------+

Top non-repeatable levels by time:
  Lair:2: 2023 daAuts
     D:8: 1512 daAuts
  Lair:1: 1503 daAuts
     D:6: 1273 daAuts
     D:7: 1209 daAuts
     D:3: 985 daAuts
     D:2: 845 daAuts
     D:5: 744 daAuts
     D:4: 529 daAuts
     D:1: 494 daAuts
  Temple: 154 daAuts

Table legend:
 A = Kills in this place as a percentage of kills in entire the game.
 B = Kills by you in this place as a percentage of kills by you in the entire game.
 C = Kills by friends in this place as a percentage of kills by friends in the entire game.
 D = Other kills in this place as a percentage of other kills in the entire game.
 E = Experience gained in this place as a percentage of experience gained in the entire game.
 F = Experience gained in this place divided by the number of levels of this place that you have seen.
                   A       B       C       D       E      F
               +-------+-------+-------+-------+-------+----------------------
         Total | 100.0 | 100.0 |   N/A | 100.0 | 100.0 | 2938.3
       Dungeon |  63.2 |  63.0 |   N/A | 100.0 |  28.0 | 1131.1
          Lair |  36.8 |  37.0 |   N/A |   0.0 |  72.0 | 11636.0
               +-------+-------+-------+-------+-------+----------------------
